 Dungeon Crawl Stone Soup version 0.21.1-1-g345015fe64 (webtiles) character file.

173870 Peloso the Peltast (level 17, -5/161 HPs)
             Began as a Minotaur Fighter on June 24, 2018.
             Was the Champion of Okawaru.
             Killed from afar by an Ice Fiend (26 damage)
             ... with a bolt of cold
             ... in an ice cave.
             The game lasted 01:59:50 (41413 turns).

Peloso the Peltast (Minotaur Fighter)              Turns: 41413, Time: 01:59:50

Health: -5/161     AC: 24    Str: 28    XL:     17   Next: 19%
Magic:  18/18      EV: 13    Int:  8    God:    Okawaru [******]
Gold:   2093       SH:  8    Dex: 12    Spells: 16/16 levels left

rFire    + + .     SeeInvis .   b - +8 demon blade "Bloodbane" {slice, *Rage +Rage Stlth-}
rCold    + . .     Gourm    .   n - +0 buckler of Okawaru's Displeasure {rCorr Str+2 Int+3}
rNeg     . . .     Faith    +   E - +5 chain mail {rF+}
rPois    +         Spirit   .   e - +2 hat
rElec    +         Reflect  .   O - +0 cloak {rPois}
rCorr    +         Harm     .   (no gloves)
MR       +....     Rnd*Rage +   r - +0 pair of boots
Stlth    ..........             M - amulet of faith
HPRegen  0.36/turn              g - ring of stealth
MPRegen  0.16/turn              s - ring of resist corrosion

@: resistant, berserk cooldown, hasted and slowed
A: retaliatory headbutt, horns 2
}: 1/15 runes: decaying
a: Heroism, Finesse, Renounce Religion, Evoke Berserk Rage


You were in an ice cave.
You worshipped Okawaru.
Okawaru was exalted by your worship.
You were near starving.

You visited 6 branches of the dungeon, and saw 28 of its levels.
You also visited: Labyrinth, Ice Cave and Volcano.

You collected 3928 gold pieces.
You spent 1835 gold pieces at shops.

Inventory:

Hand Weapons
 a - a +1 demon blade of electrocution
 b - the +8 demon blade "Bloodbane" (weapon) {slice, *Rage +Rage Stlth-}
   (Okawaru gifted it to you on level 2 of the Swamp)

   It inflicts extra damage upon your enemies.
   It lets you go berserk.
   It may make you go berserk in combat.
   It makes you less stealthy.
 B - a +0 scimitar of flaming
Armour
 e - a +2 hat (worn)
 m - a +2 cloak of magic resistance
 n - the +0 buckler of Okawaru's Displeasure (worn) {rCorr Str+2 Int+3}
   (Okawaru gifted it to you on level 13 of the Dungeon)

   It affects your strength (+2).
   It affects your intelligence (+3).
   It protects you from acid and corrosion.
 o - a scarf of cloud immunity
 r - a +0 pair of boots (worn)
 E - a +5 chain mail of fire resistance (worn)
 N - a +0 hat of see invisible
 O - a +0 cloak of poison resistance (worn)
Jewellery
 g - a ring of stealth (left hand)
 k - an uncursed ring of protection from fire
 s - a ring of resist corrosion (right hand)
 M - an amulet of faith (around neck)
Wands
 d - a wand of random effects (11)
 h - a wand of paralysis (16)
 V - a wand of digging (23)
Scrolls
 l - 11 scrolls of teleportation
 u - a scroll of identify
 w - 3 scrolls of fear
 G - 14 scrolls of remove curse
 J - 2 scrolls of blinking
 L - 6 scrolls of magic mapping
 U - 2 scrolls of summoning
Potions
 i - 5 potions of haste
 j - a potion of flight
 p - a potion of curing
 q - 3 potions of resistance
 t - 4 potions of berserk rage
 A - 2 potions of invisibility
 I - 5 potions of agility
Comestibles
 f - 38 rations


   Skills:
 + Level 17.2 Fighting
 + Level 17.4 Long Blades
 + Level 17.0 Armour
 + Level 8.3 Dodging
 + Level 2.5 Stealth
 + Level 17.9 Shields
 + Level 3.4 Invocations
 + Level 3.1 Evocations


You had 16 spell levels left.
You didn't know any spells.

Dungeon Overview and Level Annotations

Branches:
Dungeon (14/15)            Temple (1/1) D:4            Lair (6/6) D:11
  Swamp (4/4) Lair:3       Spider (1/4) Lair:4        Slime (0/5) Lair:5
    Orc (2/2) D:12            Elf (0/3) Orc:2        Vaults (0/5) D:13

Altars:
Ashenzari
Cheibriados
Dithmenos
Elyvilon
Fedhas
Gozag
Hepliaklqana
Kikubaaqudgha
Makhleb
Nemelex Xobeh
Okawaru
Qazlal
Ru
Sif Muna
Trog
Uskayaw
Vehumet
Wu Jian
Xom
Yredelemnul
Zin
The Shining One
Beogh
Jiyva

Shops:
D:6 %[(   D:7 (   D:13 *   Orc:2 [?:***

Annotations:
D:10 Salt's ghost, journeyman MiBe
Lair:5 1 runed door


Innate Abilities, Weirdness & Mutations

You reflexively headbutt those who attack you in melee.
You have a pair of horns on your head.


Message History

The golden dragon simulacrum is moderately damaged.
You feel like a meek peon again.
You block the golden dragon simulacrum's attack.
The golden dragon simulacrum barely misses you.
The golden dragon simulacrum closely misses you.
Unknown command.
You slice the golden dragon simulacrum!!
You headbutt the golden dragon simulacrum.
The golden dragon simulacrum is severely damaged.
Unknown command.
You hit the golden dragon simulacrum but do no damage.
The golden dragon simulacrum is severely damaged.
The golden dragon simulacrum bites you but does no damage.
You block the golden dragon simulacrum's attack.
The golden dragon simulacrum closely misses you.
The Ice Fiend gestures at you.
The bolt of cold hits the golden dragon simulacrum.
The golden dragon simulacrum completely resists.
The bolt of cold hits you! You resist.
You die...

##.##.##≈≈≈#≈
##.#..#≈≈≈≈≈
#..##.##≈≈#≈
#.###.# ≈≈≈≈
##.#.## ≈≈#
#....# #.#.##
##.### #@##
#Z## #..#
##1# ##.#
#§## #.# #1.
##ZZ


You could see an Ice Fiend and a golden dragon simulacrum.

Vanquished Creatures
  A bone dragon (Swamp:4)
  A tentacled monstrosity (Swamp:1)
  Kirke (D:14)
  A thorn hunter (Swamp:4)
  2 entropy weavers (Spider:1)
  Nessos (D:12)
  2 eidola (D:14)
  A minotaur (Lab)
  The ghost of WobbleTop the Covert, a journeyman DsWn of Hepliaklqana (Lair:3)
  An ice dragon (Lair:6)
  3 vault guards (D:13)
  Harold (Lair:1)
  2 ghost crabs
  12 hydras
  A catoblepas (Lair:5)
  A centaur warrior (D:14)
  11 alligators
  Erica (Lair:1)
  9 death yaks (Lair:3)
  2 ogre magi (Orc:2)
  15 two-headed ogres
  A vampire mage (D:14)
  Sonja (D:10)
  2 skeletal warriors (Volcano)
  2 deep trolls (Orc:2)
  5 unseen horrors
  A death drake (Swamp:3)
  2 spectral hydras (Swamp:4)
  A swamp dragon (Swamp:4)
  Pikel (D:4)
  2 shambling mangroves
  A lindwurm (Lair:6)
  6 phantasmal warriors
  3 orc knights
  2 wolf spider zombies (D:14)
  A deep elf mage (D:14)
  2 orc sorcerers
  An orb spider (Spider:1)
  2 anaconda skeletons (Volcano)
  An oklob plant (Swamp:1)
  5 cyclopes
  3 wolf spiders (Spider:1)
  2 manticores (D:14)
  12 ugly things
  8 black mambas
  Maurice (D:8)
  5 torpor snails (Lair:6)
  7 elephants
  Joseph (Lair:1)
  5 gargoyles (Volcano)
  15 spiny frogs
  Psyche (D:9)
  2 rime drakes (Lair:4)
  7 swamp worm zombies (Swamp:4)
  A redback zombie (D:14)
  4 demonic crawlers (Spider:1)
  6 ice devils (IceCv)
  2 golden dragon simulacra (IceCv)
  3 tengu conjurers
  An anaconda simulacrum (IceCv)
  5 komodo dragons
  2 yaktaurs (D:13)
  3 freezing wraiths
  2 jumping spiders (Spider:1)
  10 trolls
  4 hydra zombies (Swamp:4)
  A troll (shapeshifter) (D:13)
  Prince Ribbit (D:5)
  A queen bee (Lair:3)
  16 hornets
  A polar bear (Lair:6)
  10 tyrant leeches
  7 hippogriffs
  5 slime creatures (Swamp:2)
  8 bog bodies
  13 blink frogs
  4 spectral swamp dragons (Swamp:4)
  2 alligator zombies (Swamp:4)
  4 centaur simulacra
  9 redbacks
  3 spriggans
  3 shadows
  7 flying skulls
  4 wraiths
  57 yaks
  A hog (D:14)
  2 wyverns
  3 basilisks
  2 vampires
  3 alligator skeletons (Volcano)
  A dire elephant simulacrum (IceCv)
  Grum (D:9)
  3 death yak simulacra (IceCv)
  13 vampire mosquitoes
  A hungry ghost (D:11)
  An iron troll simulacrum (IceCv)
  2 wargs
  8 harpy simulacra (IceCv)
  An acid dragon (D:14)
  21 insubstantial wisps
  24 swamp worms
  Edmund (D:6)
  8 water moccasins
  A hydra simulacrum (IceCv)
  A soldier ant (D:11)
  13 porcupines
  4 sky beasts
  A hornet zombie (D:14)
  3 ice beasts
  15 orc warriors
  A slave (D:4)
  4 black bears
  4 swamp drakes
  3 necrophages
  11 phantoms
  3 swamp dragon zombies (Swamp:4)
  29 ogres
  An eye of draining (D:12)
  7 wolves
  11 centaurs
  15 crocodiles
  2 big kobolds
  16 bullfrogs
  A wyvern zombie (D:14)
  A water moccasin zombie (D:8)
  3 wyvern skeletons (D:14)
  4 scorpions
  30 killer bees
  A swamp dragon simulacrum (IceCv)
  5 wights (D:6)
  A troll skeleton (Volcano)
  An electric eel (Lair:3)
  A howler monkey (D:5)
  10 centaur zombies
  11 crimson imps
  A bullfrog zombie (D:12)
  2 draconian simulacra (IceCv)
  5 jellies
  4 quasits
  14 orc priests
  A gnoll shaman (D:4)
  4 hounds
  7 centaur skeletons
  A bullfrog skeleton (D:7)
  7 iguanas
  14 orc wizards
  A spriggan simulacrum (IceCv)
  7 worker ants
  A spectral swamp drake (Swamp:4)
  4 troll simulacra (IceCv)
  A wolf simulacrum (IceCv)
  5 naga skeletons (Volcano)
  A hound skeleton (D:9)
  3 worker ant zombies
  2 howler monkey zombies
  14 gnolls
  A swamp drake zombie (Swamp:4)
  20 adders
  3 naga simulacra (IceCv)
  2 shadow imps
  4 white imps (IceCv)
  4 ufetubi (IceCv)
  An ooze (D:1)
  An adder zombie (D:7)
  2 adder skeletons (D:6)
  3 worms
  3 dart slugs
  5 leopard geckos
  72 orcs
  2 ball pythons
  6 giant cockroaches
  6 goblins
  2 hobgoblins
  14 jackals
  4 quokkas
  11 bats
  6 frilled lizards
  15 kobolds
  2 quokka skeletons
  9 rats
  A plant (Lair:1)
988 creatures vanquished.

Vanquished Creatures (others)
  2 blink frogs (Swamp:4)
  3 humans (D:14)
  Ijyb (D:4)
  An orc (D:4)
  8 fungi
  7 plants
22 creatures vanquished.

Grand Total: 1010 creatures vanquished

Notes
Turn   | Place    | Note
-------+----------+-------------------------------------------
     0 | D:1      | Peloso the Minotaur Fighter began the quest for the Orb.
     0 | D:1      | Reached XP level 1. HP: 19/19 MP: 0/0
    50 | D:1      | Reached XP level 2. HP: 18/27 MP: 1/1
   332 | D:1      | Reached XP level 3. HP: 33/33 MP: 2/2
   876 | D:2      | Found an ancient bone altar of Kikubaaqudgha.
  1075 | D:2      | Found a burning altar of Makhleb.
  1075 | D:2      | Noticed a blizzard demon
  1762 | D:3      | Reached XP level 4. HP: 33/40 MP: 3/3
  1819 | D:3      | Noticed a black bear
  2056 | D:3      | Reached skill level 5 in Shields
  2056 | D:3      | Reached XP level 5. HP: 26/46 MP: 4/4
  2482 | D:4      | Noticed an ogre
  2490 | D:4      | Killed an ogre
  2490 | D:4      | Reached skill level 5 in Armour
  2490 | D:4      | Reached XP level 6. HP: 23/53 MP: 5/5
  2755 | D:4      | Noticed a slave
  2757 | D:4      | Noticed Ijyb
  2757 | D:4      | Noticed Pikel
  2757 | D:4      | Noticed a slave
  2758 | D:4      | Noticed a slave
  2758 | D:4      | Noticed a slave
  2788 | D:4      | Killed Pikel
  2788 | D:4      | Reached skill level 5 in Fighting
  2788 | D:4      | Reached skill level 1 in Dodging
  2788 | D:4      | Reached XP level 7. HP: 40/61 MP: 6/6
  2804 | D:4      | Killed Ijyb
  2842 | D:4      | Found a staircase to the Ecumenical Temple.
  2851 | Temple   | Entered the Ecumenical Temple
  2871 | Temple   | Became a worshipper of Warmaster Okawaru
  3474 | D:5      | Entered Level 5 of the Dungeon
  3482 | D:4      | Reached XP level 8. HP: 58/68 MP: 7/7
  3489 | D:4      | Reached * piety under Okawaru
  3549 | D:5      | Noticed Prince Ribbit
  3563 | D:5      | Killed Prince Ribbit
  3907 | D:5      | Got a scorched ring mail
  3913 | D:5      | Identified the +1 ring mail "Xoviusir" {MR+ Regen+} (You found it on level 5 of the Dungeon)
  4009 | D:5      | Found a sacrificial altar of Ru.
  4014 | D:5      | Reached ** piety under Okawaru
  4410 | D:6      | Found a transporter.
  4414 | D:6      | Found a transporter.
  4414 | D:6      | Noticed a cyclops
  4418 | D:6      | Found a snail-covered altar of Cheibriados.
  4450 | D:6      | Reached XP level 9. HP: 62/75 MP: 8/8
  4649 | D:6      | Found Omuasic's Armour Boutique.
  4676 | D:6      | Found Uwkat's Antique Weapon Shoppe.
  4686 | D:6      | Found a stormy altar of Qazlal.
  4826 | D:6      | Found an opulent altar of Gozag.
  4858 | D:6      | Found Hice's Food Emporium.
  5055 | D:6      | Reached *** piety under Okawaru
  5195 | D:6      | Noticed Edmund
  5209 | D:6      | Killed Edmund
  5209 | D:6      | Reached skill level 10 in Long Blades
  5347 | D:6      | Found a faded altar of an unknown god.
  5347 | D:6      | Found a faded altar of an unknown god.
  5352 | D:6      | Found a shattered altar of Ashenzari.
  5354 | D:6      | Found a blossoming altar of Fedhas.
  5355 | D:6      | Found a white marble altar of Elyvilon.
  5628 | D:6      | Killed a cyclops
  5860 | D:7      | Found Vavaxt's Weapon Emporium.
  6103 | D:7      | Reached **** piety under Okawaru
  6116 | D:7      | Reached XP level 10. HP: 31/86 MP: 9/9
  6137 | D:7      | Found the +5 scythe "Finisher" {speed, Str+3}
  6620 | D:8      | Noticed Maurice
  7131 | D:8      | Reached skill level 10 in Shields
  7223 | D:8      | Noticed a two-headed ogre
  7234 | D:8      | Killed a two-headed ogre
  7298 | D:8      | Killed Maurice
  7298 | D:8      | Reached ***** piety under Okawaru
  7494 | D:8      | Found a basalt altar of Yredelemnul.
  7498 | D:8      | Found a shimmering altar of Xom.
  7609 | D:8      | Reached skill level 1 in Evocations
  7688 | D:8      | Found a deep blue altar of Sif Muna.
  7814 | D:9      | Noticed Psyche
  7902 | D:9      | Killed Psyche
  8361 | D:9      | Noticed Grum
  8392 | D:9      | Killed Grum
  8392 | D:9      | Reached XP level 11. HP: 75/95 MP: 11/11
  8760 | D:10     | Entered Level 10 of the Dungeon
  8995 | D:10     | Noticed Sonja
  9004 | D:10     | Killed Sonja
  9004 | D:10     | Received a gift from Okawaru
  9080 | D:10     | Reached ****** piety under Okawaru
  9098 | D:10     | Noticed Salt's ghost (journeyman MiBe)
  9877 | D:11     | Found a labyrinth entrance.
  9905 | Lab      | Entered a labyrinth
 10280 | Lab      | Noticed a minotaur
 10296 | Lab      | Killed a minotaur
 10296 | Lab      | Reached skill level 1 in Invocations
 10299 | Lab      | Got a fine mace {elec}
 10303 | Lab      | Got a transparent mace
 10303 | Lab      | Got a brightly glowing buckler
 10315 | Lab      | Identified the cursed +0 buckler of the Albatross {rElec rF- Int+3 Stlth+} (You found it in a labyrinth)
 10670 | D:11     | Killed an unseen horror
 10670 | D:11     | Reached skill level 1 in Stealth
 11049 | D:11     | Found a bloodstained altar of Trog.
 11073 | D:11     | Reached skill level 10 in Armour
 11170 | D:11     | Got an iridescent dagger
 11171 | D:11     | Identified the +7 dagger "Fegumn" {drain, rPois rF- MR+++ Int-5} (You found it on level 11 of the Dungeon)
 11419 | D:11     | Found a staircase to the Lair.
 11945 | Lair:1   | Entered Level 1 of the Lair of Beasts
 12033 | Lair:1   | Received a gift from Okawaru
 12041 | Lair:1   | Got scorched acid dragon scales {god gift}
 12052 | Lair:1   | Identified the +0 acid dragon scales of Slovenliness {rC+ rCorr Str+2} (Okawaru gifted it to you on level 1 of the Lair of Beasts)
 12384 | Lair:1   | Noticed Erica
 12411 | Lair:1   | Killed Erica
 12733 | Lair:1   | Noticed Harold
 12738 | Lair:1   | Noticed Joseph
 12760 | Lair:1   | Killed Harold
 12760 | Lair:1   | Reached skill level 10 in Fighting
 12770 | Lair:1   | Killed Joseph
 12778 | Lair:1   | Reached XP level 12. HP: 38/106 MP: 10/12
 15581 | Lair:3   | Noticed WobbleTop's ghost (journeyman DsWn)
 15599 | Lair:3   | Killed WobbleTop's ghost
 15845 | Lair:3   | Noticed a death yak
 15846 | Lair:3   | Noticed a death yak
 15847 | Lair:3   | Noticed a death yak
 15855 | Lair:3   | Killed a death yak
 15857 | Lair:3   | Noticed a death yak
 15860 | Lair:3   | Killed a death yak
 15869 | Lair:3   | Killed a death yak
 15869 | Lair:3   | Reached skill level 5 in Dodging
 15879 | Lair:3   | Killed a death yak
 16433 | Lair:3   | Received a gift from Okawaru
 16618 | Lair:3   | Found a staircase to the Swamp.
 16799 | Lair:3   | Noticed a seven-headed hydra
 16811 | Lair:3   | Killed a three-headed hydra
 17525 | Lair:4   | Noticed a death yak
 17525 | Lair:4   | Noticed a death yak
 17526 | Lair:4   | Noticed a death yak
 17527 | Lair:4   | Noticed a death yak
 17531 | Lair:4   | Noticed a death yak
 17567 | Lair:3   | Killed a death yak
 17567 | Lair:3   | Reached XP level 13. HP: 63/116 MP: 13/13
 17902 | Lair:3   | Received a gift from Okawaru
 18247 | Lair:3   | Got a faintly humming ring mail {god gift}
 18258 | Lair:3   | Identified the +3 ring mail of Context {*Drain Str+4 Int+5} (Okawaru gifted it to you on level 3 of the Lair of Beasts)
 19263 | Lair:4   | Found a hole to the Spider Nest.
 20537 | Lair:5   | Received a gift from Okawaru
 20788 | Lair:5   | Found a runed door.
 20788 | Lair:5   | Found a viscous altar of Jiyva.
 20789 | Lair:5   | Noticed an acid blob
 20791 | Lair:5   | Found a staircase to the Slime Pits.
 21348 | D:12     | Found a staircase to the Orcish Mines.
 21524 | D:12     | Noticed Nessos
 21537 | D:12     | Killed Nessos
 21704 | D:12     | Received a gift from Okawaru
 21862 | D:12     | Reached XP level 14. HP: 127/127 MP: 15/15
 22631 | D:13     | Reached skill level 15 in Long Blades
 22710 | D:13     | Received a gift from Okawaru
 22721 | D:13     | Got a shimmering buckler {god gift}
 22770 | D:13     | Identified the +0 buckler of Okawaru's Displeasure {rCorr Str+2 Int+3} (Okawaru gifted it to you on level 13 of the Dungeon)
 23417 | D:13     | Found a gate to the Vaults.
 23610 | D:13     | Found Ohoimaf's General Store.
 24525 | D:14     | Received a gift from Okawaru
 24525 | D:14     | Reached skill level 15 in Shields
 25046 | D:14     | Noticed Kirke
 25068 | D:14     | Killed Kirke
 25271 | D:14     | Got a warped spear {pierce}
 26393 | D:14     | Reached XP level 15. HP: 55/138 MP: 13/16
 26670 | D:14     | Received a gift from Okawaru
 26699 | D:14     | Got a shimmering quarterstaff {god gift}
 26718 | D:14     | Identified the +5 spear of Destiny {pierce, rPois} (You took it off an orc priest on level 14 of the Dungeon)
 26724 | D:14     | Identified the +1 quarterstaff of the Lurker {flame, MR- Str+6 Stlth+} (Okawaru gifted it to you on level 14 of the Dungeon)
 26784 | D:14     | Reached skill level 15 in Armour
 27463 | Lair:6   | Entered Level 6 of the Lair of Beasts
 27789 | Lair:6   | Found a runed door.
 28082 | Lair:6   | Paralysed by a hornet for 2 turns
 28132 | Lair:6   | Received a gift from Okawaru
 28627 | Lair:6   | Got an ichor-stained ring mail
 28638 | Lair:6   | Identified the +1 ring mail of Disul {rElec rN+ Int+3} (You found it on level 6 of the Lair of Beasts)
 28988 | Orc:1    | Entered Level 1 of the Orcish Mines
 29039 | Orc:1    | Found a dark tunnel.
 29067 | Volcano  | Entered a volcano
 29501 | Volcano  | Reached skill level 15 in Fighting
 30466 | Orc:2    | Entered Level 2 of the Orcish Mines
 30466 | Orc:2    | Found Ituomina's General Store.
 30473 | Orc:2    | Bought a scroll of acquirement for 832 gold pieces
 30473 | Orc:2    | Bought a scroll of brand weapon for 320 gold pieces
 30473 | Orc:2    | Bought a scroll of enchant armour for 120 gold pieces
 30473 | Orc:2    | Bought a scroll of identify for 32 gold pieces
 31014 | Orc:2    | Found Omaet's General Store.
 31104 | Orc:2    | Found a roughly hewn altar of Beogh.
 31206 | Orc:2    | Found a staircase to the Elven Halls.
 31254 | Orc:2    | Found Fidinof's Magic Scroll Emporium.
 31259 | Orc:2    | Found Cumabe Sosm's Antique Armour Shoppe.
 31260 | Orc:2    | Found Vyataodgh's Assorted Antiques.
 31260 | Orc:2    | Found Voeplela's Book Boutique.
 31290 | Orc:2    | Received a gift from Okawaru
 31515 | Orc:2    | Bought a scroll of magic mapping for 63 gold pieces
 31735 | Orc:2    | Bought a potion of berserk rage for 80 gold pieces
 31735 | Orc:2    | Bought a potion of heal wounds for 80 gold pieces
 31741 | Orc:2    | Bought a potion of heal wounds for 80 gold pieces
 31765 | Orc:2    | Bought a scroll of enchant armour for 120 gold pieces
 31803 | Orc:2    | Bought a scroll of identify for 36 gold pieces
 31803 | Orc:2    | Bought a scroll of identify for 36 gold pieces
 31803 | Orc:2    | Bought a scroll of identify for 36 gold pieces
 32110 | Swamp:1  | Entered Level 1 of the Swamp
 32541 | Swamp:1  | Reached XP level 16. HP: 70/149 MP: 17/17
 32995 | Swamp:1  | Noticed a tentacled monstrosity
 33008 | Swamp:1  | Killed a tentacled monstrosity
 33534 | Swamp:2  | Received a gift from Okawaru
 33535 | Swamp:2  | Found the +8 demon blade "Bloodbane" {slice, *Rage +Rage Stlth-}
 35113 | Swamp:4  | Entered Level 4 of the Swamp
 35916 | Swamp:4  | Received a gift from Okawaru
 36983 | Swamp:4  | Noticed a bone dragon
 37403 | Swamp:4  | Killed a bone dragon
 38079 | Swamp:4  | Got a decaying rune of Zot
 38249 | Swamp:4  | Received a gift from Okawaru
 38619 | Swamp:4  | Noticed a thorn hunter
 38630 | Swamp:4  | Killed a thorn hunter
 39290 | Spider:1 | Entered Level 1 of the Spider Nest
 39350 | Spider:1 | Reached XP level 17. HP: 26/161 MP: 16/18
 39538 | Spider:1 | Found a frozen archway.
 39550 | IceCv    | Entered an ice cave
 40729 | IceCv    | HP: 2/161 [golden dragon simulacrum (33)]
 41373 | IceCv    | Noticed an Ice Fiend
 41404 | IceCv    | HP: 9/241 [??? (6)]
 41413 | IceCv    | Killed from afar by an Ice Fiend

Skill      XL: |  1  2  3  4  5  6  7  8  9 10 11 12 13 14 15 16 17 |
---------------+----------------------------------------------------+-----
Armour         | 4 5 6 7 9 10 12 13 14 15 16 17 | 17.0
Fighting       | 4 5 6 7 8 10 11 12 14 15 17 | 17.2
Shields        | 4 5 6 7 9 10 12 13 14 15 16 17 | 17.9
Long Blades    | 3 4 6 7 9 10 11 12 14 15 16 17 | 17.4
Dodging        | 1 2 3 4 5 6 7 8 |  8.3
Evocations     | 2 3 |  3.1
Invocations    | 1 2 3 |  3.4
Stealth        | 1 2 |  2.5

Action                   |  1- 3 |  4- 6 |  7- 9 | 10-12 | 13-15 | 16-18 || total
-------------------------+-------+-------+-------+-------+-------+-------++-------
Melee: Long sword        |    97 |   150 |   210 |       |       |       ||   457
       Headbutt          |    20 |    23 |    95 |   255 |   528 |   227 ||  1148
       Falchion          |       |       |   220 |   613 |   713 |       ||  1546
       Scimitar          |       |       |       |   321 |   792 |    42 ||  1155
       Demon blade       |       |       |       |       |    67 |   737 ||   804
Invok: Heroism           |       |       |     2 |    17 |    15 |     6 ||    40
Evoke: Wand              |       |       |       |    14 |    23 |       ||    37
  Use: Scroll            |     8 |       |     2 |    11 |    12 |     5 ||    38
       Potion            |       |       |     1 |    11 |     3 |    12 ||    27
  Eat: Chunk             |     1 |     1 |    12 |    23 |    40 |    14 ||    91
       Ration            |       |     1 |       |     4 |     3 |     4 ||    12
Armor: Scale mail        |    27 |       |       |       |       |       ||    27
       Chain mail        |    27 |    72 |    94 |   510 |   735 |   488 ||  1926
       Ring mail         |       |       |    41 |       |       |       ||    41
Dodge: Dodged            |    33 |    37 |    96 |   346 |   662 |   405 ||  1579
Block: Shield            |    86 |    85 |   216 |   247 |       |       ||   634
       Buckler           |       |       |       |   184 |   506 |   327 ||  1017
       Rpst.: Long sword |    10 |    10 |    13 |       |       |       ||    33
       Falchion          |       |       |    18 |    35 |    67 |       ||   120
       Scimitar          |       |       |       |    49 |   100 |     3 ||   152
       Demon blade       |       |       |       |       |     3 |    69 ||    72
